 Dungeon Crawl Stone Soup version 0.31-a0-1167-gf582fa6 (webtiles) character file.

Game seed: 3178082180436635762

4602 december12 the Fighter (level 10, -2/86 HPs)
             Began as a Barachi Artificer on Dec 9, 2023.
             Was a Priest of Kikubaaqudgha.
             Slain by a gnoll sergeant
             ... wielding a +0 trident
              (12 damage)
             ... on level 8 of the Dungeon.
             The game lasted 00:20:50 (9292 turns).

december12 the Fighter (Barachi Artificer)          Turns: 9292, Time: 00:20:50

Health: -2/86      AC: 10    Str: 14    XL:     10   Next: 42%
Magic:  10/10      EV: 12    Int: 11    God:    Kikubaaqudgha [***...]
Gold:   731        SH:  0    Dex: 20    Spells: 9/9 levels left

rFire   . . .        a - +2 dagger (venom)
rCold   . . .        (no shield)
rNeg    . . .        g - +0 scale mail
rPois   .            (no helmet)
rElec   .            B - +0 cloak
rCorr   +            h - +0 pair of gloves {Dex+3}
SInv    .            (no boots)
Will    .....        D - amulet of magic regeneration
Stlth   +            y - ring of resist corrosion
HPRegen 0.34/turn    (no ring)
MPRegen 0.52/turn

%: no passive effects
@: slow
A: amphibious, slowness 1, strong legs 1, +LOS
a: Hop, Renounce Religion, Unearth Wretches


You were on level 8 of the Dungeon.
You worshipped Kikubaaqudgha.
Kikubaaqudgha was most pleased with you.
You visited 1 branch of the dungeon, and saw 8 of its levels.
You also visited: Sewer.

You collected 811 gold pieces.
You spent 80 gold pieces at shops.

Inventory:

Hand Weapons
 a - a +2 dagger of venom (weapon)
 b - a +0 orcbow
 c - a +0 scimitar
 r - a +0 hand axe
 x - a +0 trident
 A - a +2 quarterstaff of chaos
Missiles
 p - 50 poisoned darts
 Z - 2 throwing nets {!f}
Armour
 g - a +0 scale mail (worn)
 h - a +0 pair of gloves of dexterity (worn)
 B - a +0 cloak (worn)
Jewellery
 y - a ring of resist corrosion (left hand)
 D - an amulet of magic regeneration (around neck)
Wands
 d - a wand of charming (2)
 e - a wand of iceblast (3)
 o - a wand of acid (3)
 G - a wand of flame (12) (quivered)
Scrolls
 i - 3 scrolls of teleportation
 k - a scroll of poison {unknown}
 l - 2 scrolls of immolation
 m - 2 scrolls of fear
 s - 2 scrolls of fog
 u - a scroll of vulnerability {unknown}
 v - a scroll of blinking {unknown}
 C - 2 scrolls of revelation
 F - a scroll of enchant weapon {unknown}
 H - a scroll of butterflies {unknown}
Potions
 f - a potion of mutation {unknown}
 j - a potion of experience {unknown}
 n - 2 potions of brilliance {unknown}
 q - 3 potions of heal wounds {unknown}
 t - 5 potions of curing
 w - 2 potions of haste {unknown}
 z - a potion of berserk rage {unknown}
 E - 2 potions of attraction {unknown}
 I - a potion of cancellation {unknown}


   Skills:
 + Level 10.7 Fighting
 * Level 8.4 Long Blades
 + Level 1.7 Polearms
 + Level 5.5 Armour
 + Level 5.4 Dodging
 - Level 0.8 Stealth
 + Level 4.3 Necromancy
 - Level 6.0 Evocations


You had 9 spell levels left.
You didn't know any spells.
Your spell library contained the following spells:

 Spells                   Type           Power      Damage    Failure   Level
 Necrotise                Necr           36%        1d5       24%         1
 Sublimation of Blood     Necr           9%         N/A       34%         2
 Kiss of Death            Conj/Necr      16%        2d6       50%         1
 Vampiric Draining        Necr           9%         2d6       56%         3
 Lesser Beckoning         Tloc           0%         N/A       90%         2
 Dispel Undead            Necr           9%         3d8       93%         4
 Gell's Gravitas          Tloc           0%         N/A       99%         3
 Teleport Other           Tloc           0%         N/A       99%         3
 Agony                    Necr           9%         N/A       100%        5
 Death Channel            Necr           4%         N/A       100%        6
 Dispersal                Tloc           0%         N/A       100%        6
 Simulacrum               Ice/Necr       2%         N/A       100%        6


Dungeon Overview and Level Annotations

Branches:
Dungeon (8/15)             Temple (0/1) D:5           Sewer (visited)
   Lair: D:8-11

Altars:
Ashenzari
Kikubaaqudgha
Uskayaw

Shops:
D:1 *


Innate Abilities, Weirdness & Mutations

You are amphibious.
You cover ground slowly.
You can hop short distances.
You have an extended range of vision and can be seen from far away.


Message History

You are too injured to fight recklessly!
You hit the gnoll sergeant but do no damage.
The gnoll sergeant looks as sick as possible!
The gnoll sergeant is heavily wounded.
Something hits you.
The gnoll sergeant completely misses you.
You closely miss the gnoll sergeant.
The gnoll sergeant is heavily wounded.
Something hits you but does no damage.
The gnoll sergeant hits you with a +0 trident.
Unknown command.
You hit the gnoll sergeant but do no damage.
The gnoll sergeant looks as sick as possible!
The gnoll sergeant is heavily wounded.
Something hits you! The gnoll sergeant closely misses you.
You hit the gnoll sergeant.
The gnoll sergeant looks as sick as possible!
The gnoll sergeant is severely wounded.
Something hits you.
* * * LOW HITPOINT WARNING * * *
You hit the gnoll sergeant.
The gnoll sergeant looks as sick as possible!
The gnoll sergeant is severely wounded.
Something hits you.
* * * LOW HITPOINT WARNING * * *
The gnoll sergeant zaps a wand.
The puff of flame hits you!
* * * LOW HITPOINT WARNING * * *
Hop to where?
Press: ? - help, Dir - move target, f - you
Okay, then.
Unknown command.
Aiming: Throw Flame
Press: ? - help, Q - select action, (/) - cycle Shift-Dir - straight line, f - gnoll sergeant
Aim: a gnoll sergeant, wielding a +0 trident, wearing a +0 scale mail and carrying a wand of flame (almost dead, extremely poisoned, 81% to hit)
The puff of flame hits the gnoll sergeant but does no damage.
The gnoll sergeant is almost dead.
Something hits you but does no damage.
The gnoll sergeant hits you with a +0 trident!
You die...
Kikubaaqudgha rasps: "You have failed me!
Welcome... death!"

#.....# #........
#.....# #......<.
####.....############'##
#........#.....##.......
#........#......#.......
#.....)..#......#.......
#......>)#......#.......
#........#......#.......
#......@.#......'.......
#....).g)'......#.......
#........########.......
#....)..................
#.....†.................
#.......................
#............).......K..
#.................†sBy..
#..............###'###..


You could see a gnoll sergeant (extremely poisoned).

Vanquished Creatures
  A boulder beetle (D:7)
  A black mamba (shapeshifter) (D:8)
  A troll (D:8)
  A hornet (D:7)
  A steam dragon (D:7)
  3 ice beasts
  A black bear (D:8)
  3 orc warriors
  2 ogres (D:5)
  2 phantoms (D:6)
  A centaur (D:7)
  5 kobold brigands
  6 bullfrogs
  2 scorpions (D:6)
  A wight (D:8)
  4 howler monkeys
  7 crimson imps (D:5)
  4 orc priests
  A jelly (D:6)
  Crazy Yiuf (D:4)
  3 hounds
  A gnoll bouda (D:7)
  4 iguanas
  3 sleepcaps
  8 gnolls
  13 adders
  A river rat (Sewer)
  A shadow imp (D:5)
  3 white imps
  4 ufetubi (D:6)
  5 worms
  A dart slug (D:1)
  18 orcs
  9 endoplasms
  5 giant cockroaches
  5 goblins
  3 hobgoblins
  3 jackals (D:2)
  A quokka (D:4)
  9 ball pythons
  8 bats
  4 frilled lizards
  22 kobolds
  8 rats
190 creatures vanquished.

Vanquished Creatures (collateral kills)
  A wight (D:8)
  An iguana (D:7)
  8 orcs
10 creatures vanquished.

Vanquished Creatures (others)
  A wight (D:8)
  An orc priest (D:3)
  An orc wizard (D:5)
3 creatures vanquished.

Grand Total: 203 creatures vanquished

Notes
Turn   | Place    | Note
-------+----------+-------------------------------------------
     0 | D:1      | december12 the Barachi Artificer began the quest for the
                  | Orb.
     0 | D:1      | Reached XP level 1. HP: 15/15 MP: 1/1
   200 | D:1      | Reached skill level 2 in Fighting
   203 | D:1      | Reached XP level 2. HP: 20/22 MP: 2/2
   421 | D:2      | Reached skill level 3 in Fighting
   421 | D:2      | Reached XP level 3. HP: 10/29 MP: 3/3
   820 | D:3      | Noticed a +0 hand axe
   820 | D:3      | Noticed a +0 dagger
   843 | D:3      | Found a hide-covered altar of Uskayaw.
   852 | D:3      | Reached skill level 4 in Fighting
   852 | D:3      | Reached XP level 4. HP: 19/37 MP: 4/4
  1024 | D:4      | Found a broken altar of Ashenzari.
  1078 | D:4      | Reached XP level 5. HP: 32/43 MP: 5/5
  1221 | D:4      | Found a glowing drain.
  1231 | Sewer    | Entered a sewer
  1317 | Sewer    | Noticed a kobold brigand
  1331 | Sewer    | Killed a kobold brigand
  1332 | Sewer    | Reached skill level 5 in Fighting
  1399 | Sewer    | Reached XP level 6. HP: 29/51 MP: 6/6
  1450 | Sewer    | Reached skill level 6 in Fighting
  1450 | Sewer    | Reached skill level 5 in Evocations
  2079 | D:1      | Found Heg Esed's General Store.
  2085 | D:1      | Bought a scroll of identify for 20 gold pieces
  2085 | D:1      | Bought 2 potions of curing for 60 gold pieces
  2498 | D:2      | Found a faded altar of an unknown god.
  2506 | D:2      | Reached XP level 7. HP: 59/59 MP: 7/7
  2511 | D:2      | Prayed at the altar of an unknown god.
  2511 | D:2      | Became a worshipper of Kikubaaqudgha
  2511 | D:2      | Reached * piety under Kikubaaqudgha
  2511 | D:2      | Received a gift from Kikubaaqudgha
  2981 | D:3      | Reached skill level 7 in Fighting
  3547 | D:4      | Found a runed translucent door.
  3548 | D:4      | Noticed Crazy Yiuf
  3604 | D:4      | Killed Crazy Yiuf
  3690 | D:5      | Entered Level 5 of the Dungeon
  3897 | D:5      | Reached skill level 8 in Fighting
  4348 | D:5      | Found a staircase to the Ecumenical Temple.
  4971 | D:5      | Reached skill level 9 in Fighting
  4971 | D:5      | Reached XP level 8. HP: 65/71 MP: 8/8
  5237 | D:5      | Reached skill level 1 in Long Blades
  5399 | D:5      | Reached skill level 1 in Necromancy
  5860 | D:6      | Reached ** piety under Kikubaaqudgha
  6690 | D:6      | Reached XP level 9. HP: 71/77 MP: 9/9
  6875 | D:6      | Reached skill level 5 in Long Blades
  7641 | D:7      | Noticed a hornet
  7651 | D:7      | Killed a hornet
  7829 | D:7      | Reached skill level 10 in Fighting
  7956 | D:7      | Noticed a boulder beetle
  7984 | D:7      | Killed a boulder beetle
  8629 | D:7      | Reached XP level 10. HP: 75/86 MP: 10/10
  8674 | D:7      | Reached skill level 5 in Armour
  8674 | D:7      | Reached skill level 5 in Dodging
  8916 | D:8      | Noticed an entropy weaver
  8921 | D:8      | Noticed a tengu warrior
  8949 | D:8      | Reached skill level 1 in Polearms
  9101 | D:8      | Noticed a black mamba
  9110 | D:8      | Killed a black mamba
  9127 | D:8      | Reached *** piety under Kikubaaqudgha
  9127 | D:8      | Received a gift from Kikubaaqudgha
  9292 | D:8      | Slain by a gnoll sergeant

Illustrated notes

Levels and vault maps discovered:
D:1:      amcnicky_arrival_flooded_fountain, layout_loops_ring, serial_shops,
          nicolae_shop_tiny_statue_garden, minmay_split_cup_small
D:2:      layout_loops_corners, nicolae_ecumenical_snake_handling
D:3:      layout_rooms, dancing_weapons_uskayaw
D:4:      layout_basic, kennysheep_little_box, cheibrodos_sewer_entry_sluice,
          chequers_ossuary_entry_cave, chequers_serial_rivers_micro_c,
          uniq_crazy_yiuf_cottage
D:5:      layout_layer_cave, minmay_temple_entry_statues_pillars,
          kennysheep_generic_room_15
D:6:      layout_basic, minmay_nine_imps
D:7:      layout_loops_ring, minmay_crystal_water, minmay_holes,
          nicolae_concentric_dashed_squares_wild, kennysheep_generic_room_3
D:8:      minmay_the_grid_octo_triangle [minmay_the_grid_octo_empty,
          minmay_the_grid_octo_prize_ultimate_mussel_roller,
          minmay_the_grid_octo_fat_diamond], layout_gridville

Skill      XL: |  1  2  3  4  5  6  7  8  9 10 |
---------------+-------------------------------+-----
Fighting       | 2 3 4 5 6 9 10 | 10.7
Evocations     | 4 5 6 |  6.0
Long Blades    | 4 7 8 |  8.4
Armour         | 4 5 |  5.5
Necromancy     | 2 3 4 |  4.3
Dodging        | 3 4 5 |  5.4
Polearms       | 1 |  1.7
Stealth        | |  0.8

Action                     |  1- 3 |  4- 6 |  7- 9 | 10-12 || total
---------------------------+-------+-------+-------+-------++-------
  Melee: Spear             |    91 |       |       |       ||    91
         Dagger            |       |   144 |   465 |    91 ||   700
         Punch             |       |     2 |     7 |       ||     9
         Quarterstaff      |       |       |    27 |       ||    27
         Scimitar          |       |       |     7 |    17 ||    24
   Fire: Sling             |       |       |     9 |       ||     9
         Orcbow            |       |       |     5 |       ||     5
Ability: Hop               |     2 |       |     3 |       ||     5
  Evoke: Wand              |     4 |     5 |    12 |     8 ||    29
    Use: Scroll            |       |     2 |     4 |     2 ||     8
   Stab: Confused          |       |       |     1 |       ||     1
 Armour: Leather armour    |     8 |       |       |       ||     8
         Scale mail        |    43 |    83 |   422 |   101 ||   649
  Dodge: Dodged            |    40 |    56 |   294 |    81 ||   471

Table legend: (Time is in decaauts)
 A = Elapsed time spent in this place.
 B = Non-inter-level travel time spent in this place.
 C = Inter-level travel time spent in this place.
 D = Time resting spent in this place.
 E = Time spent auto-exploring this place.
 F = Levels seen in this place.
 G = Mean time per level.
                   A        B        C        D        E       F      G
               +--------+--------+--------+--------+--------+-----+--------+
         Total |  10395 |   9693 |    702 |   2325 |   4953 |   9 | 1155.0 |
       Dungeon |   9840 |   9138 |    702 |   2325 |   4953 |   8 | 1230.0 |
         Sewer |    554 |    554 |      0 |      0 |      0 |   1 |  554.0 |
               +--------+--------+--------+--------+--------+-----+--------+

Top non-repeatable levels by time:
     D:6: 1975 daAuts
     D:5: 1968 daAuts
     D:7: 1510 daAuts
     D:2: 1183 daAuts
     D:4: 1111 daAuts
     D:1: 905 daAuts
     D:3: 637 daAuts
   Sewer: 554 daAuts
     D:8: 548 daAuts
